 Dungeon Crawl Stone Soup version 0.28-b1-1-g3c77fb2ed1 (webtiles) character file.

Game seed: 7529422162128966757

56 cayde69 the Skirmisher (level 3, -4/33 HPs)
             Began as a Hill Orc Fighter on Jan 28, 2022.
             Slain by a worm (5 damage)
             ... on level 2 of the Dungeon.
             The game lasted 00:01:24 (1167 turns).

cayde69 the Skirmisher (Hill Orc Fighter)           Turns: 1167, Time: 00:01:24

Health: -4/33      AC:  7    Str: 20    XL:     3   Next: 97%
Magic:  3/3        EV:  9    Int:  8    God:
Gold:   11         SH:  4    Dex: 10    Spells: 2/2 levels left

rFire   . . .      SeeInvis .   a - +0 war axe
rCold   . . .      Faith    .   c - +0 buckler
rNeg    . . .      Spirit   .   b - +0 scale mail
rPois   .          Reflect  .   (no helmet)
rElec   .          Harm     .   (no cloak)
rCorr   .          Rampage  .   (no gloves)
Will    .....                   (no boots)
Stlth   ..........              (no amulet)
HPRegen 0.11/turn               (no ring)
MPRegen 0.08/turn               (no ring)

@: mighty
A: no striking features
a: no special abilities


You were on level 2 of the Dungeon.
You visited 1 branch of the dungeon, and saw 2 of its levels.

You collected 11 gold pieces.

Inventory:

Hand Weapons
 a - a +0 war axe (weapon)
Armour
 b - a +0 scale mail (worn)
 c - a +0 buckler (worn)
Scrolls
 f - a scroll of noise {unknown}
 h - a scroll of magic mapping {unknown}
 i - a scroll of identify {unknown}
Potions
 e - 2 potions of cancellation {unknown}
 g - 2 potions of attraction {unknown}


   Skills:
 + Level 4.2 Fighting
 + Level 3.5 Axes
 + Level 3.7 Armour
 + Level 0.2 Dodging
 + Level 0.1 Stealth
 + Level 3.8 Shields


You had 2 spell levels left.
You didn't know any spells.
Your spell library was empty.

Dungeon Overview and Level Annotations

Branches:
Dungeon (2/15)

Altars:


Message History

Natasha closely misses you.
The goblin shoots a stone.
The stone hits you. Natasha barely misses you.
You barely miss Natasha.
Natasha is heavily wounded.
The goblin shoots a stone.
The stone closely misses you.
Natasha howls an incantation.
You feel troubled. Natasha claws you!
You are too injured to fight recklessly!
You are too injured to fight recklessly!
You are too injured to fight recklessly!
You are too injured to fight recklessly!
You feel very mighty all of a sudden.
The goblin shoots a stone.
The stone closely misses you. Natasha misses you.
You are too injured to fight recklessly!
You are too injured to fight recklessly!
You are too injured to fight recklessly!
You are too injured to fight recklessly!
You slash Natasha!
You kill Natasha!
Natasha growls in agony!
The goblin shoots a stone.
The stone closely misses you.
The goblin shoots a stone.
The stone hits you.
* * * LOW HITPOINT WARNING * * *
The worm bites you!
* * * LOW HITPOINT WARNING * * *
You slice the worm!!
You kill the worm!
The kobold throws a stone.
The stone hits you.
* * * LOW HITPOINT WARNING * * *
You slash the goblin!
You kill the goblin!
The goblin shoots a stone.
The stone hits you but does no damage.
The kobold throws a stone.
You block the stone.
The goblin shoots a stone.
You block the stone.
You barely miss the worm.
The goblin shoots a stone.
You block the stone. The worm closely misses you.
You barely miss the worm.
The goblin shoots a stone.
The stone hits you but does no damage. The worm bites you.
You die...

### #.. ########..
..# #......#.##..
. #......#.#.. ..
.......#.#.# ...
.....g.#.#.###....
...g..............
###..)..#
#Kw@##.##
#..b###..###
...... #.<..#
..... #.....#
.#..##.......#
#.....#.##..#
##....#. #.# #..
.. .# .. ... ..


You could see a worm, a goblin, a bat and a kobold.

Vanquished Creatures
  Natasha (D:2)
  A worm (D:2)
  5 ball pythons (D:1)
  6 bats (D:1)
  An endoplasm (D:1)
  5 hobgoblins (D:1)
  A quokka (D:1)
  2 frilled lizards
  2 goblins (D:2)
  A kobold (D:1)
  A rat (D:1)
26 creatures vanquished.

Notes
Turn   | Place    | Note
-------+----------+-------------------------------------------
     0 | D:1      | cayde69 the Hill Orc Fighter began the quest for the Orb.
     0 | D:1      | Reached XP level 1. HP: 19/19 MP: 1/1
    49 | D:1      | Reached XP level 2. HP: 23/27 MP: 2/2
   381 | D:1      | Reached skill level 4 in Fighting
   853 | D:1      | Reached XP level 3. HP: 33/33 MP: 3/3
  1150 | D:2      | Noticed Natasha
  1162 | D:2      | Killed Natasha
  1163 | D:2      | HP: 1/33 [worm (8)]
  1167 | D:2      | Slain by a worm

Illustrated notes

Levels and vault maps discovered:
D:1:      elethiomel_arrival_infinity_welcomes_careful_drivers,
          layout_loops_corners
D:2:      layout_rooms, serial_shops, shop, uniq_jessica, uniq_natasha

Skill      XL: |  1  2 |
---------------+-------+-----
Fighting       | 4 |  4.2
Axes           | 3 |  3.5
Armour         | |  3.7
Dodging        | |  0.2
Stealth        | |  0.1
Shields        | |  3.8

Action                   || total
-------------------------++-------
Melee: War axe           ||    65
  Use: Potion            ||     1
Armor: Scale mail        ||    43
Dodge: Dodged            ||    43
Block: Buckler           ||    25
